 Dungeon Crawl Stone Soup version 0.27-a0-1200-g94dc6ad4cf (webtiles) character file.

Game seed: 13623097982854723849

2182 MacCMillion the Skirmisher (level 9, -5/81 HPs)
             Began as a Minotaur Berserker on May 30, 2021.
             Was an Elder of Trog.
             Shot with a bolt by an orc warrior (17 damage)
             ... in a bailey.
             The game lasted 00:45:04 (7257 turns).

MacCMillion the Skirmisher (Minotaur Berserker)     Turns: 7257, Time: 00:45:04

Health: -5/81      AC: 16    Str: 25    XL:     9   Next: 11%
Magic:  0/8        EV:  8    Int:  4    God:    Trog [****..]
Gold:   85         SH:  5    Dex: 10    Spells: 8/8 levels left

rFire    . . .     SeeInvis +   A - +1 broad axe (elec)
rCold    . . .     Faith    .   h - +0 buckler
rNeg     . . .     Spirit   +   k - +0 plate armour
rPois    .         Reflect  .   B - +1 hat
rElec    .         Harm     .   m - scarf {shadows}
rCorr    .         Rampage  .   r - +0 pair of gloves
Will     .....                  g - +0 pair of boots
Stlth    ..........             w - amulet of guardian spirit
HPRegen  0.23/turn              d - ring of see invisible
MPRegen  0.11/turn              s - ring of flight

@: flying, studying Shields
A: horns 2, retaliatory headbutt
a: Renounce Religion, Berserk, Trog's Hand, Brothers in Arms


You were in a bailey.
You worshipped Trog.
Trog was greatly pleased with you.
You visited 1 branch of the dungeon, and saw 7 of its levels.
You also visited: Bailey.

You collected 295 gold pieces.
You spent 210 gold pieces at shops.

Inventory:

Hand Weapons
 b - a +2 vampiric falchion
 A - a +1 broad axe of electrocution (weapon)
Missiles
 e - 105 stones (quivered)
 o - 11 poisoned darts
Armour
 a - the +3 tower shield of Lust {Drain rN++ Int+2}
   (You found it on level 6 of the Dungeon)

   It affects your intelligence (+2).
   It greatly protects you from negative energy.
   It drains your maximum health when unequipped.
 g - a +0 pair of boots (worn)
 h - a +0 buckler (worn)
 k - a +0 plate armour (worn)
 m - a scarf of shadows (worn)
 r - a +0 pair of gloves (worn)
 B - a +1 hat (worn)
Jewellery
 d - a ring of see invisible (left hand)
 s - a ring of flight (right hand)
 w - an amulet of guardian spirit (around neck)
Wands
 l - a wand of iceblast (6)
 v - a wand of flame (35)
 x - a wand of polymorph (11)
 y - a wand of acid (6)
Scrolls
 c - 5 scrolls of identify
 j - 4 scrolls of teleportation
 n - a scroll of blinking
 p - a scroll of immolation
 q - a scroll of holy word
 z - a scroll of enchant weapon
Potions
 f - a potion of magic {unknown}
 i - a potion of heal wounds
 t - 2 potions of lignification
 u - a potion of cancellation


   Skills:
 + Level 7.9 Fighting
 - Level 7.0 Long Blades
 + Level 5.8 Axes
 + Level 6.0 Armour
 - Level 5.0 Dodging
 * Level 6.1 Shields


You had 8 spell levels left.
You didn't know any spells.
Your spell library was empty.

Dungeon Overview and Level Annotations

Branches:
Dungeon (7/15)             Temple (0/1) D:5          Bailey (1/1)

Altars:
Makhleb
Okawaru
Ru
The Shining One

Shops:
D:6 (

Annotations:
D:4 Blork the orc
D:5 2 transporters, Analysis's ghost, novice MfGl


Innate Abilities, Weirdness & Mutations

You have a pair of horns on your head.
You reflexively headbutt those who attack you in melee.


Message History

You block the orc warrior's attack.
You closely miss the orc warrior. Your headbutt misses the orc warrior.
The orc warrior is severely wounded.
The orc warrior barely misses you.
The orc warrior hits you but does no damage.
You slash the orc warrior!
Lightning courses through the orc warrior!!
You kill the orc warrior!
Trog accepts your kill.
The orc warrior shoots a bolt.
The bolt hits you!
The orc warrior hits you from afar with a +0 halberd!
The orc warrior shoots a bolt.
The bolt closely misses you. You block the orc warrior's attack.
Your Armour skill increases to level 6!
You block the orc warrior's attack.
The orc warrior shoots a bolt.
The bolt closely misses you.
You slash the orc warrior!
Lightning courses through the orc warrior!
You headbutt the orc warrior, but do no damage.
The orc warrior is severely wounded.
The orc warrior hits you but does no damage.
The orc warrior shoots a bolt.
The bolt hits you but does no damage.
You barely miss the orc warrior.
The orc warrior is severely wounded.
The orc warrior barely misses you.
The orc warrior shoots a bolt.
The bolt hits you!!
You closely miss the orc warrior.
The orc warrior is severely wounded.
The orc warrior shoots a bolt.
The bolt hits you!
The orc warrior hits you with a +0 halberd!
The orc warrior shoots a bolt.
The bolt closely misses you. The orc warrior completely misses you.
You furiously retaliate!
You headbutt the orc warrior.
You kill the orc warrior!
Trog accepts your kill.
The orc warrior shoots a bolt.
The bolt hits you!
* * * LOW HITPOINT WARNING * * *
Your Shields skill increases to level 6!
The orc warrior shoots a bolt.
The bolt hits you!!
You die...

## ## ##∩##
######
...##...##.....#
≈≈..#...#.)≈≈≈..
o≈≈.......≈≈o≈≈.
o≈.....).≈oo.≈.
≈≈....@..≈≈o≈≈.
≈..#...#..≈≈≈..
.. #.∩.##.....#
##∩## ###### ###


You could see 3 orc warriors and 2 orcs.

Vanquished Creatures
  Eustachio (D:5)
  Edmund (D:3)
  4 orc warriors
  An ice beast (D:5)
  A hornet zombie (D:7)
  2 sky beasts (D:6)
  A necrophage (D:5)
  A kobold brigand (D:7)
  A bullfrog (D:7)
  A scorpion (D:4)
  A water moccasin skeleton (D:5)
  A centaur zombie (D:5)
  2 jellies (D:5)
  An orc priest (D:5)
  2 bullfrog skeletons
  2 hounds
  A centaur skeleton (D:5)
  Ijyb (D:5)
  5 iguanas
  8 orc wizards
  A hound skeleton (D:5)
  Robin (D:4)
  4 adders
  4 white imps (D:6)
  An ufetubus (D:6)
  An adder skeleton (D:2)
  3 worms
  2 dart slugs
  22 orcs
  10 ball pythons
  8 bats
  6 endoplasms
  2 giant cockroaches
  8 hobgoblins
  4 jackals
  3 quokkas
  3 frilled lizards
  16 goblins
  6 kobolds
  8 rats
151 creatures vanquished.

Vanquished Creatures (others)
  An orc wizard (D:4)
  4 plants (D:4)
5 creatures vanquished.

Grand Total: 156 creatures vanquished

Notes
Turn   | Place    | Note
-------+----------+-------------------------------------------
     0 | D:1      | MacCMillion the Minotaur Berserker began the quest for the
                  | Orb.
     0 | D:1      | Reached XP level 1. HP: 19/19 MP: 0/0
   293 | D:1      | Found a faded altar of an unknown god.
   332 | D:1      | Reached XP level 2. HP: 27/27 MP: 1/1
   985 | D:2      | Reached skill level 1 in Shields
   987 | D:2      | Reached XP level 3. HP: 31/33 MP: 2/2
   990 | D:2      | Reached ** piety under Trog
  1948 | D:3      | Reached XP level 4. HP: 38/41 MP: 3/3
  3062 | D:4      | Noticed Edmund
  3135 | D:4      | Reached XP level 5. HP: 47/47 MP: 4/4
  3210 | D:4      | Noticed an orc warrior
  3213 | D:4      | Reached skill level 5 in Axes
  3238 | D:3      | Killed an orc warrior
  3239 | D:3      | Reached skill level 5 in Fighting
  3239 | D:3      | Reached XP level 6. HP: 16/56 MP: 5/5
  3631 | D:4      | Reached skill level 1 in Long Blades
  3639 | D:4      | Noticed Robin
  3646 | D:4      | Killed Robin
  3786 | D:4      | Reached *** piety under Trog
  3797 | D:4      | Noticed Blork the orc
  3964 | D:5      | Entered Level 5 of the Dungeon
  3966 | D:5      | Noticed Eustachio
  3995 | D:3      | Killed Edmund
  3996 | D:3      | Reached XP level 7. HP: 49/63 MP: 6/6
  5346 | D:5      | Noticed Ijyb
  5351 | D:5      | Killed Ijyb
  5424 | D:5      | Found a staircase to the Ecumenical Temple.
  5456 | D:5      | Killed Eustachio
  5457 | D:5      | Reached skill level 5 in Long Blades
  5457 | D:5      | Reached XP level 8. HP: 71/71 MP: 7/7
  5507 | D:5      | Noticed Analysis's ghost (novice MfGl)
  5621 | D:5      | Found a transporter.
  5689 | D:5      | Found a transporter.
  5721 | D:5      | Reached skill level 5 in Armour
  5723 | D:5      | Reached **** piety under Trog
  6085 | D:6      | Identified the +3 tower shield of Lust {Drain rN++ Int+2}
  6412 | D:6      | Reached skill level 5 in Dodging
  6688 | D:6      | Found Ihied's Antique Weapon Shop.
  7042 | D:6      | Bought a runed broad axe for 210 gold pieces
  7067 | D:7      | Identified a scroll of acquirement
  7067 | D:7      | Acquired a manual of Shields
  7097 | D:7      | Reached skill level 5 in Shields
  7118 | D:7      | Reached XP level 9. HP: 80/80 MP: 8/8
  7158 | D:7      | Found a glowing golden altar of the Shining One.
  7171 | D:7      | Found a sacrificial altar of Ru.
  7192 | D:7      | Found a burning altar of Makhleb.
  7192 | D:7      | Found an iron altar of Okawaru.
  7224 | D:7      | Found a flagged portal.
  7241 | Bailey   | Entered a bailey
  7257 | Bailey   | Shot with a bolt by an orc warrior

Illustrated notes

Levels and vault maps discovered:
D:1:      dpeg_arrival_snail, layout_basic, chequers_ecumenical_altar_simple
D:2:      layout_loops_cross
D:3:      layout_loops_ring
D:4:      layout_loops_ring, serial_forest, infiniplex_forest_join,
          infiniplex_forest_clump_small, infiniplex_forest_zigzag_2,
          infiniplex_forest_fountain, infiniplex_forest_straight_4, uniq_edmund,
          uniq_robin, uniq_blork_the_orc
D:5:      layout_basic, minmay_temple_entry_glassed_door, gammafunk_ghost_arena,
          uniq_ijyb, uniq_eustachio
D:6:      layout_loops_ring, serial_shops, shop, kennysheep_potato
D:7:      layout_rooms, nicolae_overflow_quartered_altars,
          gammafunk_temple_overflow_elements, enter_bailey_3, serial_curves,
          eino_curves_03, eino_curves_04, lightli_corner_chamber,
          uniq_prince_ribbit1
Bailey:   bailey_polearm_4, bailey

Skill      XL: |  1  2  3  4  5  6  7  8  9 |
---------------+----------------------------+-----
Axes           | 4 5 |  5.8
Fighting       | 4 5 6 7 |  7.9
Shields        | 1 2 3 4 5 6 |  6.1
Long Blades    | 2 5 7 |  7.0
Armour         | 3 4 5 6 |  6.0
Dodging        | 3 4 5 |  5.0

Action                   |  1- 3 |  4- 6 |  7- 9 || total
-------------------------+-------+-------+-------++-------
Melee: Hand axe          |    94 |    82 |       ||   176
       Headbutt          |    11 |    17 |    58 ||    86
       Falchion          |       |    57 |   193 ||   250
       Broad axe         |       |       |    29 ||    29
Throw: Stone             |    13 |       |     1 ||    14
Invok: Berserk           |       |     2 |     2 ||     4
  Use: Scroll            |     4 |     2 |     6 ||    12
       Potion            |       |     1 |       ||     1
Armor: Chain mail        |    52 |    31 |       ||    83
       Skin              |       |     6 |       ||     6
       Plate armour      |       |    35 |   107 ||   142
Dodge: Dodged            |    38 |    59 |    86 ||   183
Block: Buckler           |     5 |    24 |    41 ||    70
       Rpst.: Falchion   |       |     5 |    18 ||    23

Table legend: (Time is in decaauts)
 A = Elapsed time spent in this place.
 B = Non-inter-level travel time spent in this place.
 C = Inter-level travel time spent in this place.
 D = Time resting spent in this place.
 E = Time spent auto-exploring this place.
 F = Levels seen in this place.
 G = Mean time per level.
                   A        B        C        D        E       F      G
               +--------+--------+--------+--------+--------+-----+--------+
         Total |   7352 |   6840 |    512 |   1244 |   4045 |   8 |  919.0 |
       Dungeon |   7334 |   6822 |    512 |   1244 |   4045 |   7 | 1047.7 |
        Bailey |     18 |     18 |      0 |      0 |      0 |   1 |   18.0 |
               +--------+--------+--------+--------+--------+-----+--------+

Top non-repeatable levels by time:
     D:3: 1983 daAuts
     D:4: 1220 daAuts
     D:5: 1149 daAuts
     D:6: 1110 daAuts
     D:2: 864 daAuts
     D:1: 825 daAuts
     D:7: 182 daAuts
  Bailey: 18 daAuts
